 Dungeon Crawl Stone Soup version 0.23-a0-650-ga4d50d4 (webtiles) character file.

106 Borgoz the Skirmisher (level 4, -4/41 HPs)
             Began as a Hill Orc Fighter on Jan 2, 2019.
             Slain by a water moccasin (7 damage)
             ... on level 2 of the Dungeon.
             The game lasted 00:02:33 (1488 turns).

Borgoz the Skirmisher (Hill Orc Fighter)            Turns: 1488, Time: 00:02:33

Health: -4/41      AC:  7    Str: 23    XL:     4   Next: 84%
Magic:  4/4        EV:  7    Int: 13    God:
Gold:   165        SH:  9    Dex: 11    Spells: 3/3 levels left

rFire    . . .     SeeInvis .   a - +0 war axe
rCold    . . .     Gourm    .   c - +0 shield
rNeg     . . .     Faith    .   b - +0 scale mail
rPois    .         Spirit   .   (no helmet)
rElec    .         Reflect  .   (no cloak)
rCorr    .         Harm     .   (no gloves)
MR       .....                  (no boots)
Stlth    ..........             (no amulet)
HPRegen  0.13/turn              (no ring)
MPRegen  0.09/turn              (no ring)

@: mighty, brilliant
A: no striking features
a: no special abilities


You were on level 2 of the Dungeon.
You were not hungry.

You visited 1 branch of the dungeon, and saw 2 of its levels.

You collected 165 gold pieces.

Inventory:

Hand Weapons
 a - a +0 war axe (weapon)
Armour
 b - a +0 scale mail (worn)
 c - a +0 shield (worn)
Jewellery
 e - a +3 ring of strength {unknown}
 o - a +3 ring of intelligence {unknown}
 q - an uncursed amulet of guardian spirit {unknown}
Scrolls
 h - 3 scrolls of remove curse {unknown}
 i - a scroll of magic mapping {unknown}
 k - 4 scrolls of identify {unknown}
 l - a scroll of enchant armour {unknown}
Potions
 g - a potion of resistance {unknown}
 j - 2 potions of magic {unknown}
Comestibles
 f - 6 rations


   Skills:
 + Level 4.5 Fighting
 + Level 4.3 Axes
 + Level 3.9 Armour
 + Level 0.2 Dodging
 + Level 3.9 Shields


You had 3 spell levels left.
You didn't know any spells.
Your spell library was empty.

Dungeon Overview and Level Annotations

Branches:
Dungeon (2/15)

Altars:
Yredelemnul

Annotations:
D:2 1 transporter


Message History

You feel sick. The bat hits you but does no damage.
You block the water moccasin's attack. The water moccasin barely misses you.
It was a potion of curing.
You feel better. The bat hits you. The water moccasin bites you.
* * * LOW HITPOINT WARNING * * *
You completely miss the water moccasin.
The water moccasin is moderately wounded.
You slash the bat!
You kill the bat!
You block the water moccasin's attack.
The water moccasin bites you but does no damage.
You completely miss the water moccasin.
The water moccasin is moderately wounded.
You block the water moccasin's attack. x2
You miss the water moccasin.
The water moccasin is moderately wounded.
The water moccasin bites you!
* * * LOW HITPOINT WARNING * * *
The water moccasin bites you!
You die...

#.#.##.# #..####.# #.# #
##.#.##.####..####.# #.# #
#..................# #.# #
#..#.#..#########..# #.# #
#.(#.#.##......)##.# ##.### #
#..#.#.#8..#.#..8#.###..... #
###..#...#..#...#$$#.........
#####........#.......$.#...#...##
.........#..©#..@....$_#©..#####
#####.#.###..#.S....[?[#..##
#.#.# ##.#..#...#[$#..# ####
#.#.# #.#8.?#.#..8#..####(..
#.#.####.##...©...##.....(...
#.#.÷...((#########...#.##†#.
#...)..##...........#.#.##)#.
######.##.###)####(##.#.##.#.
#.##.# #.# #.##.#.##(#.


You could see a water moccasin.

Vanquished Creatures
  4 gnolls (D:2)
  An adder (D:2)
  An ooze (D:1)
  3 worms (D:2)
  3 bats
  A bat skeleton (D:2)
  A bat zombie (D:2)
  A giant cockroach (D:2)
  5 hobgoblins
  6 jackals (D:2)
  8 kobolds
  2 frilled lizards
  3 goblins (D:2)
  9 rats
48 creatures vanquished.

Notes
Turn   | Place    | Note
-------+----------+-------------------------------------------
     0 | D:1      | Borgoz the Hill Orc Fighter began the quest for the Orb.
     0 | D:1      | Reached XP level 1. HP: 19/19 MP: 1/1
   211 | D:1      | Reached XP level 2. HP: 26/27 MP: 2/2
   645 | D:2      | Reached XP level 3. HP: 29/33 MP: 3/3
   663 | D:2      | Found a basalt altar of Yredelemnul.
   663 | D:2      | Found a transporter.
   670 | D:2      | Found a transporter.
   689 | D:2      | Noticed a water moccasin
   744 | D:2      | Reached XP level 4. HP: 30/41 MP: 4/4
  1488 | D:2      | Slain by a water moccasin

Vault maps used:
D:1:      shiori_arrival_oz, minmay_cut_off
D:2:      gammafunk_temple_overflow_arena, cheibrodos_gnoll_hut

Skill      XL: |  1  2  3  4 |
---------------+-------------+-----
Fighting       | 4 |  4.5
Axes           | 3 4 |  4.3
Armour         | |  3.9
Dodging        | |  0.2
Shields        | |  3.9

Action                   |  1- 3 |  4- 6 || total
-------------------------+-------+-------++-------
Melee: War axe           |    64 |    81 ||   145
  Use: Potion            |       |     3 ||     3
  Eat: Chunk             |       |     2 ||     2
Armor: Scale mail        |    36 |    40 ||    76
Dodge: Dodged            |    14 |    30 ||    44
Block: Shield            |    30 |    43 ||    73

Table legend:
 A = Non-vault XP
 B = Vault XP
 C = Vault XP percentage of total XP
 D = Non-vault monster count
 E = Vault monster count
 F = Vault count percentage of total count
                 A         B        C        D         E       F
            +---------+---------+-------+---------+---------+-------
      Total |     126 |      26 |  17.1 |      40 |       8 |  16.7
            +---------+---------+-------+---------+---------+-------
        D:1 |      25 |       3 |  10.7 |      14 |       2 |  12.5
        D:2 |     101 |      23 |  18.5 |      26 |       6 |  18.8
            +---------+---------+-------+---------+---------+-------
